 Dungeon Crawl Stone Soup version 0.21-a0-201-g8501b10 (webtiles) character file.

169 tehllama the Insei (level 5, -3/33 HPs)
             Began as an Octopode Transmuter on Aug 19, 2017.
             Slain by a phantom (7 damage)
             ... on level 3 of the Dungeon.
             The game lasted 00:06:33 (3004 turns).

tehllama the Insei (Octopode Transmuter)            Turns: 3004, Time: 00:06:33

Health: -3/33      AC:  1    Str: 11    XL:     5   Next: 50%
Magic:  2/8        EV: 13    Int: 15    God:
Gold:   184        SH:  0    Dex: 12    Spells: 2/8 levels left

rFire    . . .     SeeInvis .     - Unarmed
rCold    . . .     Gourm    .   (no shield)
rNeg     . . .     Faith    .   (helmet restricted)
rPois    .         Spirit   .   (no amulet)
rElec    .         Reflect  .   (no ring)
rCorr    .         Harm     .   (no ring)
MR       .....                  (no ring)
Stlth    +++.......             (no ring)
HPRegen  0.11/turn              (no ring)
MPRegen  0.11/turn              (no ring)
                                (no ring)
                                (no ring)

@: very slightly contaminated
A: almost no armour, stealthy swim, amphibious, 8 rings, constrict 8, camouflage
1, gelatinous body 1
a: no special abilities


You were on level 3 of the Dungeon.
You were hungry.

You visited 1 branch of the dungeon, and saw 4 of its levels.

You collected 184 gold pieces.

Inventory:

Missiles
 a - 8 arrows
Armour
 u - a +2 large shield
Jewellery
 l - an uncursed ring of magical power {unknown}
Scrolls
 e - 7 scrolls of identify {unknown}
 f - a scroll of random uselessness {unknown}
 g - 3 scrolls of enchant weapon {unknown}
 j - 2 scrolls of recharging {unknown}
 m - 2 scrolls of enchant armour {unknown}
 n - 3 scrolls of teleportation {unknown}
 r - a scroll of fear {unknown}
 t - a scroll of magic mapping {unknown}
 w - a scroll of remove curse {unknown}
Potions
 d - 3 potions of brilliance
 h - 2 potions of lignification
 k - a potion of magic
 q - 2 potions of agility
 s - a potion of invisibility {unknown}
Books
 b - a book of Changes

   Spells                             Type                      Level
   a - Beastly Appendage              Transmutation                1
   b - Sticks to Snakes               Transmutation                2
   c - Spider Form                    Transmutation/Poison         3
   d - Ice Form                       Ice/Transmutation            4
   e - Blade Hands                    Transmutation                5
Comestibles
 c - 4 bread rations
 i - 4 meat rations
 o - 4 fruits
 v - 4 royal jellies


   Skills:
 - Level 1.0 Fighting
 - Level 2.0 Dodging
 + Level 4.0 Stealth
 + Level 5.2 Unarmed Combat
 - Level 2.0 Spellcasting
 - Level 2.0 Transmutations


You had 2 spell levels left.
You knew the following spells:

 Your Spells              Type           Power        Failure   Level  Hunger
a - Beastly Appendage     Tmut           #.....       10%         1    #......
b - Sticks to Snakes      Tmut           #.......     14%         2    ###....
c - Spider Form           Tmut/Pois      #.........   41%         3    ###....


Dungeon Overview and Level Annotations

Branches:
Dungeon (4/15)
 Temple: D:4-7

Altars:


Innate Abilities, Weirdness & Mutations

You cannot wear most types of armour.
You are very stealthy in the water. (Stealth+)
You are amphibious.
You can wear up to eight rings at the same time.
You can use your tentacles to constrict eight enemies at once.
Your skin changes colour to match your surroundings (Stealth+).
Your rubbery body absorbs attacks. (AC +1, EV +1)


Message History

You miss the phantom.
The phantom is moderately damaged.
Your ball python closely misses the phantom.
You tentacle-slap the phantom.
The phantom is moderately damaged.
The phantom hits you!
Your ball python closely misses the phantom.
There is a stone staircase leading up here.
The phantom closely misses you.
Your ball python bites the phantom but does no damage.
You climb upwards.
There is a stone staircase leading down here.
The phantom blinks!
The phantom blinks!
The phantom hits you. The phantom hits you!
* * * LOW HITPOINT WARNING * * *
The phantom blinks!
The phantom hits you!
You die...

##### #########
##...#####....รทยง.#
#.....r....#####.#
#......###.#####.######
........##.##...@W)...#
..[......#.##.#..#.##.#
.........#.......#.##.#
#......).........#.##.#
##...###.#.......#.##.#
#....# #.........#.##.#
#.#.## ###............#
#.### ##.......#.####
#.#######........#.#


You could see a phantom.

Vanquished Creatures
  Jessica (D:3)
  6 adders
  An ooze (D:3)
  2 worms (D:2)
  4 dart slugs
  2 leopard geckos
  2 orcs (D:3)
  6 bats
  2 giant cockroaches (D:1)
  8 goblins
  9 hobgoblins
  5 jackals (D:3)
  A quokka (D:2)
  3 ball pythons
  3 frilled lizards (D:2)
  6 kobolds
  7 rats
68 creatures vanquished.

Notes
Turn   | Place    | Note
-------+----------+-------------------------------------------
     0 | D:1      | tehllama the Octopode Transmuter began the quest for the Orb.
     0 | D:1      | Reached XP level 1. HP: 13/13 MP: 3/3
    55 | D:1      | Reached XP level 2. HP: 18/18 MP: 5/5
   277 | D:1      | Reached skill level 4 in Unarmed Combat
   318 | D:1      | Reached XP level 3. HP: 23/23 MP: 6/6
   701 | D:2      | Reached skill level 1 in Stealth
   742 | D:2      | Reached XP level 4. HP: 21/28 MP: 7/7
  1627 | D:3      | Noticed Jessica
  1636 | D:3      | Killed Jessica
  1636 | D:3      | Reached XP level 5. HP: 33/33 MP: 6/8
  1795 | D:3      | Reached skill level 5 in Unarmed Combat
  2274 | D:3      | Learned a level 2 spell: Sticks to Snakes
  2278 | D:3      | Learned a level 3 spell: Spider Form
  2539 | D:4      | Noticed a phantom
  2703 | D:3      | HP: 2/49 [poisoned by an adder]
  3004 | D:3      | Slain by a phantom

Vault maps used:
D:1:      shiori_arrival_oz, minmay_misc_feat_hallway
D:3:      first_bread, hangedman_decor_growths, uniq_jessica
D:4:      serial_shops, nicolae_shop_stone, uniq_duvessa, uniq_sigmund

Skill      XL: |  1  2  3  4  5 |
---------------+----------------+-----
Unarmed Combat | 4 5 |  5.2
Stealth        | 2 3 4 |  4.0
Fighting       | |  1.0
Dodging        | |  2.0
Spellcasting   | |  2.0
Transmutations | |  2.0

Action                   |  1- 3 |  4- 6 || total
-------------------------+-------+-------++-------
Melee: Unarmed           |    58 |   113 ||   171
       Constrict         |    15 |    25 ||    40
       Tentacles         |     8 |    14 ||    22
       Kick              |     5 |     8 ||    13
       Punch             |     1 |     1 ||     2
 Cast: Beastly Appendage |     4 |     8 ||    12
       Sticks to Snakes  |       |     4 ||     4
       Spider Form       |       |     3 ||     3
  Use: Potion            |       |     5 ||     5
 Stab: Sleeping          |     9 |     7 ||    16
  Eat: Chunk             |       |     7 ||     7
Armor: Skin              |     5 |    11 ||    16
Dodge: Dodged            |    28 |    54 ||    82
